AoeStats
← BottleDry

Arena

508534906Analyzed
4v4 RM · 10d ago on Sep 22, 2026· 44m 22s· 8 players
Game mode
Random Map
Map size
Large (8 player)
Population
200
Speed
Normal
Resources
Standard
Victory
Conquest
Starting age
Dark Age
Ending age
Imperial Age
RankedLock teamsTeams togetherTeam positionsShared explorationLock speedFull tech treeHidden civsTurbo modeCheats
Victory
Defeat
🇺🇸 Byzantines · United States
1084
+14
🇦🇺 Japanese · Australia
1083
+14
🇺🇸 Spanish · United States
998
+17
🇺🇸 Random · United States
978
+18
🇨🇴 Romans · Colombia
1068
-17
🇧🇷 Turks · Brazil
1030
-16
🇲🇽 Berbers · Mexico
1027
-16
🇦🇷 Byzantines · Argentina
987
-14
SIayerSnake
12:06 Feudal Age
16:18 Castle Age
14:25 Double-Bit Axe
17:25 Bow Saw
17:05 Loom
18:55 Wheelbarrow
19:06 Horse Collar
20:13 Hand Cart
20:09 Heavy Plow
24:28 Fletching
26:26 Scale Barding Armor
26:18 Bodkin Arrow
26:37 Bloodlines
27:51 Chain Barding Armor
28:50 Padded Archer Armor
29:48 Leather Archer Armor
29:36 Husbandry
30:19 Ballistics
31:39 Treadmill Crane
31:55 Gold Mining
33:24 Gold Shaft Mining
35:17 Forging
35:08 Scale Mail Armor
41:24 Imperial Age
38:47 Pikeman
39:44 Chain Mail Armor
40:05 Iron Casting
42:39 Crop Rotation
43:18 Chemistry
44:06 Town Watch
44:54 Crop Rotation
tts.engamb
11:25 Feudal Age
16:19 Castle Age
14:28 Double-Bit Axe
14:28 Horse Collar
15:44 Stone Mining
15:54 Gold Mining
21:13 Loom
31:17 Imperial Age
29:27 Wheelbarrow
29:38 Gold Shaft Mining
29:05 Heavy Plow
29:20 Bow Saw
29:02 Fletching
29:38 Forging
30:18 Bodkin Arrow
31:10 Iron Casting
30:41 Scale Barding Armor
31:57 Bloodlines
31:47 Husbandry
32:55 Hand Cart
36:10 Chain Barding Armor
39:03 Blast Furnace
38:03 Bracer
38:39 Plate Barding Armor
41:13 Elite Janissary
davince0285
10:35 Feudal Age
14:47 Castle Age
12:39 Double-Bit Axe
12:56 Horse Collar
16:24 Bow Saw
16:17 Heavy Plow
19:37 Loom
21:08 Wheelbarrow
22:01 Gold Mining
22:01 Stone Mining
23:15 Scale Mail Armor
23:26 Forging
30:23 Imperial Age
28:11 Hand Cart
27:42 Town Watch
27:42 Loom
29:09 Ballistics
28:40 Fletching
29:33 Bodkin Arrow
29:51 Town Patrol
31:02 Squires
30:22 Man-at-Arms
30:45 Heavy Scorpion
31:18 Pikeman
32:14 Chain Mail Armor
32:34 Iron Casting
33:28 Chemistry
32:47 Ballistas
32:40 Halberdier
35:49 Conscription
36:53 Blast Furnace
35:22 Long Swordsman
36:27 Legionary
37:46 Fortified Wall
37:46 Masonry
37:43 Siege Engineers
38:37 Comitatenses
PNAL | Bebeganzo
11:12 Feudal Age
12:36 Loom
15:46 Castle Age
14:03 Double-Bit Axe
14:28 Gold Mining
14:44 Horse Collar
20:56 Fletching
watchout2k5
11:38 Feudal Age
9:54 Loom
18:49 Castle Age
17:14 Double-Bit Axe
17:32 Horse Collar
23:43 Fletching
23:53 Padded Archer Armor
27:31 Husbandry
27:42 Bloodlines
37:48 Sanctity
37:38 Fervor
41:43 Imperial Age
40:17 Town Watch
41:07 Wheelbarrow
41:19 Inquisition
41:48 Bow Saw
41:44 Heavy Plow
42:34 Forging
42:29 Scale Barding Armor
44:35 Conscription
44:55 Bodkin Arrow
45:15 Leather Archer Armor
44:55 Bodkin Arrow
45:15 Leather Archer Armor
45:06 Scale Barding Armor
45:36 Iron Casting
45:07 Scale Barding Armor
Alien Pibble
6:57 Loom
10:27 Feudal Age
11:29 Double-Bit Axe
11:26 Horse Collar
16:29 Wheelbarrow
19:57 Castle Age
19:15 Scale Barding Armor
21:00 Gold Mining
21:47 Heavy Plow
21:58 Bow Saw
22:54 Forging
26:11 Stone Mining
28:46 Hand Cart
31:24 Gold Shaft Mining
32:12 Caravan
34:58 Imperial Age
32:55 Chain Barding Armor
33:19 Iron Casting
33:29 Fletching
33:40 Padded Archer Armor
37:45 Conscription
37:36 Logistica
37:10 Elite Cataphract
40:08 Plate Barding Armor
39:30 Bodkin Arrow
40:09 Ballistics
40:50 Chemistry
BottleDry
11:58 Feudal Age
15:41 Castle Age
13:40 Double-Bit Axe
13:38 Horse Collar
14:05 Gold Mining
14:57 Stone Mining
16:59 Heavy Plow
17:52 Loom
25:02 Wheelbarrow
25:05 Vendel Legacy
28:03 Scale Barding Armor
28:08 Forging
27:49 Fletching
29:03 Bloodlines
28:53 Husbandry
32:23 Imperial Age
30:17 Bow Saw
31:43 Chain Barding Armor
32:43 Cavalier
34:09 Iron Casting
34:04 Conscription
34:31 Plate Barding Armor
33:34 Capped Ram
34:42 Bodkin Arrow
36:59 Blast Furnace
37:07 Blast Furnace
43:13 Bodkin Arrow
Nick
6:18 Loom
10:39 Feudal Age
16:13 Castle Age
14:45 Double-Bit Axe
17:09 Loom
18:18 Scale Mail Armor
19:55 Fletching
27:35 Horse Collar
29:06 Bow Saw
29:36 Wheelbarrow
29:36 Gold Mining
33:28 Imperial Age
31:20 Stone Mining
31:57 Herbal Medicine
33:05 Gold Shaft Mining
32:58 Forging
33:03 Chain Mail Armor
36:00 Two-Man Saw
36:13 Squires
35:59 Arson
36:11 Bodkin Arrow
37:49 Hand Cart
38:45 Kataparuto
41:12 Elite Samurai
43:17 Iron Casting
43:26 Plate Mail Armor
44:23 Chemistry
43:38 Heavy Plow
44:09 Conscription
Connection lost

Rejoining the realm…

Still unreachable

The connection could not be restored.

Session expired

The server has moved on; the page needs a fresh start.